[Event "Team 45 45 League T40"]
[Site "Internet Chess Club"]
[Date "2009.02.27"]
[Round "5"]
[White "Manch"]
[Black "dougmo"]
[Result "1-0"]
[WhiteElo "1569"]
[BlackElo "1525"]
[Opening "French: Tarrasch, closed variation, main line"]
[ECO "C06"]
[Time "12:02:45"]
[TimeControl "2700+45"]

1. e4 e6 2. d4 d5 3. Nd2 Nf6 4. e5 Nfd7 5. Bd3 c5 6. c3 Nc6 7. Ne2 cxd4 8. cxd4
Be7 9. O-O O-O 10. Nf3 f5 11. exf6 Nxf6 12. Nc3 Bd7 13. Re1 Rc8 14. a3 Qe8 15.
Ng5 Bd6 16. Bf5 e5 17. Bxd7 Qxd7 18. dxe5 Bxe5 19. Ne2 Bxh2+ 20. Kxh2 Ng4+ 21.
Kg1 Nxf2 22. Qd2 Qd6 23. Nf4 Rxf4 24. Qxf4 Qxf4 25. Bxf4 Nd3 26. Rf1 Nd4 27. g3
h6 28. Nh3 Rc2 29. Rad1 Ne2+ 30. Kh1 Nxb2 31. Rxd5 g5 32. Be5 Na4 33. Rd8+ Kh7
34. Rh8+ Kg6 35. Rf6+ Kh5 36. Rhxh6+ Kg4 37. Nf2# {Black checkmated} 1-0

[Event "Team 45 45 League T40"]
[Site "Internet Chess Club"]
[Date "2009.03.01"]
[Round "5"]
[White "EyeAm"]
[Black "Shazaam"]
[Result "1-0"]
[WhiteElo "1488"]
[BlackElo "1465"]
[Opening "Sicilian: closed"]
[ECO "B24"]
[Time "19:01:30"]
[TimeControl "2700+45"]

1. e4 c5 2. Nc3 Nc6 3. g3 Nf6 4. Nf3 d6 5. Bg2 g6 6. d3 Bg7 7. O-O O-O 8. Re1
Qb6 9. e5 Ng4 10. exd6 exd6 11. Qd2 Bh6 12. Qd1 c4 13. Bxh6 Nxh6 14. Qd2 Nf5 15.
dxc4 Be6 16. b3 Nfd4 17. Nd5 Nxf3+ 18. Bxf3 Qd8 19. Nf4 Qd7 20. Rad1 Rad8 21.
Nxe6 fxe6 22. Bg4 Rfe8 23. c5 Ne5 24. Be2 d5 25. f4 Nc6 26. Bg4 Qe7 27. Qe3 e5
28. Qc3 d4 29. Qc4+ Kg7 30. c3 dxc3 31. Qxc3 Rxd1 32. Bxd1 Qf6 33. b4 a6 34. Ba4
e4 35. Qxf6+ Kxf6 36. Kf2 Kf5 37. h3 h5 38. a3 Re6 39. Bc2 Nd4 40. Bb1 Re7 41.
Ke3 Nf3 42. Rf1 Nd4 43. Kxd4 {Black resigns} 1-0

[Event "Team 45 45 League T40"]
[Site "Internet Chess Club"]
[Date "2009.02.27"]
[Round "5"]
[White "cobra2008"]
[Black "guyd52"]
[Result "0-1"]
[WhiteElo "1374"]
[BlackElo "1373"]
[Opening "Robatsch (modern) defense"]
[ECO "B07"]
[Time "18:30:12"]
[TimeControl "2700+45"]

1. e4 d6 2. d4 g6 3. Nc3 Bg7 4. Be3 Nf6 5. f3 O-O 6. Qd2 Nbd7 7. h4 h5 8. Bh6 a6
9. Bxg7 Kxg7 10. g3 b5 11. Bd3 Bb7 12. Qe3 c5 13. d5 c4 14. Be2 Ne5 15. Nh3 Nh7
16. Ng5 e6 17. Nxh7 Kxh7 18. f4 Nd7 19. dxe6 fxe6 20. g4 Nf6 21. gxh5 Nxh5 22.
Bxh5 gxh5 23. Rg1 Qxh4+ 24. Qg3 Qxg3+ 25. Rxg3 Rxf4 26. Re3 b4 27. Na4 Rxe4 28.
Rxe4 Bxe4 29. O-O-O d5 30. Nb6 Rg8 31. Nd7 Bf3 32. Re1 Rg7 33. Nf8+ Kg8 34. Nxe6
Re7 35. Rg1+ Bg4 36. Nf4 Re5 37. Ng6 Rg5 38. Ne7+ Kg7 39. Nc6 h4 40. Nd4 Kg6 41.
Rg2 Kh5 42. Rh2 h3 43. Nc6 Be6 44. Nxb4 Rg2 45. Rh1 a5 46. Nc6 d4 47. Nxd4 Bc8
48. Nf3 Kg4 49. Ne5+ Kg3 50. Nxc4 Be6 51. Nxa5 Bxa2 52. b4 h2 53. Kb2 Bd5 54.
Rd1 Rg1 55. Rd3+ Bf3 56. b5 h1=Q 57. b6 Rb1+ 58. Kc3 Rxb6 59. Nc4 Qe1+ 60. Kd4
Qe4+ 61. Kc3 Rc6 62. Rd4 Qe5 63. Kd3 Be2+ 64. Kd2 Qxd4+ 65. Kxe2 Qxc4+ 66. Ke3
Re6+ 67. Kd2 Qd4+ 68. Kc1 Re1# {White checkmated} 0-1

[Event "Team 45 45 League T40"]
[Site "Internet Chess Club"]
[Date "2009.03.07"]
[Round "5"]
[White "wekabird"]
[Black "xlxe5"]
[Result "0-1"]
[WhiteElo "1233"]
[BlackElo "1402"]
[Opening "QGD: exchange, positional line"]
[ECO "D35"]
[Time "18:00:13"]
[TimeControl "2700+45"]

1. c4 e6 2. Nc3 d5 3. cxd5 exd5 4. d4 Nf6 5. Bg5 Nbd7 6. Nxd5 Nxd5 7. Bxd8 Bb4+
8. Qd2 Bxd2+ 9. Kxd2 Kxd8 10. Nf3 N5f6 11. e3 Ke7 12. Bd3 Re8 13. Rhe1 Kf8 14.
Rad1 Nb6 15. b3 Be6 16. h3 Rad8 17. Rc1 c6 18. Ke2 Bd5 19. Kf1 Be4 20. Bxe4 Nxe4
21. Nd2 Nxd2+ 22. Ke2 Ne4 23. Rc2 Nf6 24. Kf1 Nbd5 25. a4 Nb4 26. Rc3 Ne4 27.
Rcc1 Nd3 28. Ke2 Nxe1 29. Kxe1 Nf6 30. Kf1 Ne4 31. Rc2 Nf6 32. b4 a6 33. g4 Nd5
34. b5 axb5 35. axb5 cxb5 36. Rc5 b4 37. Rb5 b6 38. Kg2 Rd6 39. g5 f6 40. gxf6
gxf6 41. Kf3 Ra8 42. e4 Ra3+ 43. Kg4 Nc3 44. Rxb4 Nxe4 45. f3 Nf2+ 46. Kg3 Ne4+
47. Kf4 Ng5 48. h4 Nxf3 49. Ke4 Rxd4+ 50. Rxd4 Nxd4 51. Kxd4 Ra5 52. Kc4 Kg7 53.
Kb4 Kh6 54. Kc4 Kh5 55. Kd4 f5 56. Ke3 b5 57. Kf4 b4 58. Ke3 b3 59. Kd2 b2 60.
Kc2 Rb5 {White resigns} 0-1

[Event "Team 45 45 League T40"]
[Site "Internet Chess Club"]
[Date "2009.02.28"]
[Round "5"]
[White "whuffor"]
[Black "t-hobbes"]
[Result "1-0"]
[WhiteElo "1434"]
[BlackElo "1312"]
[Opening "Scotch: Schmidt variation"]
[ECO "C45"]
[Time "12:00:25"]
[TimeControl "2700+45"]

1. e4 e5 2. Nf3 Nc6 3. d4 exd4 4. Nxd4 Nf6 5. Nxc6 bxc6 6. Bd3 Bc5 7. O-O O-O 8.
Bg5 d5 9. e5 h6 10. exf6 hxg5 11. Qh5 g6 12. Bxg6 Bxf2+ 13. Rxf2 Re8 14. Qh7+
Kf8 15. Qg7# {Black checkmated} 1-0

[Event "Team 45 45 League T40"]
[Site "Internet Chess Club"]
[Date "2009.03.01"]
[Round "5"]
[White "Kingangyal"]
[Black "slipkid"]
[Result "0-1"]
[WhiteElo "1339"]
[BlackElo "1520"]
[Opening "Queen's pawn game"]
[ECO "A46"]
[Time "14:23:39"]
[TimeControl "2700+45"]

1. d4 Nf6 2. Nf3 c5 3. Bf4 cxd4 4. Qxd4 Nc6 5. Qd1 g6 6. c3 Bg7 7. Nbd2 O-O 8.
Qa4 b5 9. Qxb5 Nh5 10. Bg3 Nxg3 11. hxg3 Rb8 12. Qd3 Rxb2 13. Nb3 Na5 14. Nfd4
Qc7 15. Rh4 Nxb3 16. axb3 e5 17. Nb5 Qb6 18. c4 a6 19. Qd6 Qxd6 20. Nxd6 Rxb3
21. e3 Rb6 22. c5 Rc6 23. Rc4 Rd8 24. Ke2 Bf8 25. Rac1 Bxd6 26. cxd6 Rxc4 27.
Rxc4 Bb7 28. Rc7 Bc6 29. Ra7 Bb5+ 30. Ke1 Bxf1 31. Kxf1 Kg7 32. Rxa6 Kf6 33. e4
Rc8 34. Ke2 Ke6 35. Kd3 Rc6 36. Rxc6 dxc6 37. f4 Kxd6 38. Kc4 f5 39. exf5 gxf5
40. fxe5+ Kxe5 41. Kc5 Kf6 42. Kxc6 Kg5 43. Kd5 Kg4 44. Ke5 h5 45. Kd4 Kxg3 46.
Ke5 f4 47. Kf5 h4 48. Kg5 Kxg2 49. Kxh4 f3 50. Kg4 f2 51. Kf4 f1=Q+ 52. Ke4 Qf2
53. Ke5 Qf3 54. Ke6 Qf4 55. Kd5 Qe3 56. Kd6 Qe4 57. Kc5 Qd3 58. Kc6 Qd4 59. Kb5
Qc3 60. Kb6 Qc4 61. Kb7 Qc5 62. Ka8 Qb5 63. Ka7 Kf3 64. Ka8 Ke4 65. Ka7 Kd5 66.
Ka8 Kc6 {White resigns} 0-1

[Event "Team 45 45 League T40"]
[Site "Internet Chess Club"]
[Date "2009.02.27"]
[Round "5"]
[White "The-Capitalist"]
[Black "conron"]
[Result "0-1"]
[WhiteElo "1146"]
[BlackElo "1363"]
[Opening "Ruy Lopez: closed"]
[ECO "C90"]
[Time "21:00:11"]
[TimeControl "2700+45"]

1. e4 e5 2. Nf3 Nc6 3. Bb5 a6 4. Ba4 Nf6 5. O-O Be7 6. Re1 b5 7. Bb3 d6 8. Nc3
Bg4 9. h3 Bh5 10. Nd5 Nd4 11. Nxf6+ Bxf6 12. g4 Bg6 13. c3 Nxb3 14. Qxb3 h5 15.
gxh5 Rxh5 16. Kg2 Qd7 17. Ng1 Rg5+ 18. Kf1 Rxg1+ 19. Kxg1 Qxh3 20. c4 Qg4+ 21.
Qg3 Qxg3+ 22. fxg3 bxc4 23. b3 cxb3 24. axb3 Kd7 25. d3 Rb8 26. Rb1 Rb5 27. Re2
d5 28. Rd2 Bg5 29. Rd1 Bxc1 30. Rdxc1 dxe4 31. dxe4 Bxe4 32. Rd1+ Ke7 33. Rbc1
Rxb3 34. Rxc7+ Ke6 35. Kh2 Rb2+ 36. Kg1 Rg2+ 37. Kf1 Rxg3 38. Rcd7 Rf3+ 39. Ke2
Rf6 40. R7d6+ Kf5 41. Rxf6+ Kxf6 42. Rd6+ Kf5 43. Rxa6 f6 44. Ra3 g5 45. Ke3 g4
46. Ra1 Bf3 47. Rf1 e4 48. Rg1 Kg5 49. Kf2 Kf4 50. Re1 g3+ 51. Kg1 e3 52. Kf1 f5
53. Kg1 Ke4 54. Rf1 f4 55. Re1 Kd3 56. Rf1 Ke4 57. Re1 e2 58. Rc1 Kd3 59. Ra1
Be4 60. Ra3+ Kd2 61. Ra2+ Bc2 62. Ra1 e1=Q+ 63. Rxe1 Kxe1 64. Kg2 Bd1 65. Kh3 f3
66. Kxg3 f2 {White resigns} 0-1

[Event "Team 45 45 League T40"]
[Site "Internet Chess Club"]
[Date "2009.03.02"]
[Round "5"]
[White "alaskauk"]
[Black "Gwyddbwyll"]
[Result "1/2-1/2"]
[WhiteElo "1518"]
[BlackElo "1568"]
[Opening "Queen's pawn game"]
[ECO "A46"]
[Time "14:00:53"]
[TimeControl "2700+45"]

1. d4 Nf6 2. Nf3 e6 3. Bf4 Be7 4. Nbd2 d5 5. c3 O-O 6. Ne5 Nh5 7. Bg3 Nxg3 8.
hxg3 c5 9. Qc2 h6 10. Ng4 cxd4 11. cxd4 Nc6 12. e3 f5 13. Ne5 Nxe5 14. dxe5 Bd7
15. Be2 Rc8 16. Qd1 Be8 17. Bh5 Bxh5 18. Qxh5 Qe8 19. Qxe8 Rfxe8 20. Ke2 Rc2 21.
Rab1 Bb4 22. Rhd1 Rd8 23. Kd3 Rxd2+ 24. Rxd2 Bxd2 25. Kxd2 d4 26. Rc1 dxe3+ 27.
Kxe3 Rd5 28. f4 Rb5 29. Rc2 a5 30. b3 Rb4 31. Rc4 Rb5 32. Rc3 Rb4 33. Rc4 {Game
drawn by mutual agreement} 1/2-1/2

[Event "Team 45 45 League T40"]
[Site "Internet Chess Club"]
[Date "2009.02.28"]
[Round "5"]
[White "andrew0311"]
[Black "medsurg"]
[Result "0-1"]
[WhiteElo "1477"]
[BlackElo "1460"]
[Opening "Four knights: Italian variation"]
[ECO "C47"]
[Time "19:32:09"]
[TimeControl "2700+45"]

1. e4 e5 2. Nf3 Nc6 3. Nc3 Nf6 4. Bc4 h6 5. d3 Bb4 6. Bd2 d6 7. Nd5 Bxd2+ 8.
Qxd2 Nxd5 9. Bxd5 Ne7 10. Bc4 O-O 11. O-O c6 12. d4 d5 13. exd5 cxd5 14. Bb3 e4
15. Ne1 Be6 16. Rc1 f5 17. c4 Rc8 18. Qf4 dxc4 19. Qe5 Qd7 20. Ba4 Qd5 21. Qxd5
Nxd5 22. Nc2 Nf4 23. Rcd1 Nd3 24. Rb1 a6 25. Ne3 b5 26. Bd1 Rcd8 27. Nc2 Bd5 28.
Bh5 Bf7 29. Be2 Rfe8 30. h3 Nf4 31. Rfe1 Nd3 32. Rf1 a5 33. a3 Rc8 34. Rfd1 Bg6
35. Kf1 f4 36. Kg1 Bf5 37. Bh5 g6 38. Be2 Kh7 39. Kh2 Nxf2 40. Rf1 e3 41. Rbc1
Rcd8 42. Bf3 Bd3 43. Rfe1 Be4 44. Be2 Nd3 45. Bxd3 cxd3 46. Nxe3 fxe3 47. Rxe3
Rxd4 48. Rc7+ Kg8 49. Rg3 d2 50. Re3 d1=Q 51. Rcc3 Rd3 52. Rcxd3 Qxd3 53. Rxd3
Bxd3 54. g4 Re2+ 55. Kg3 Rxb2 56. Kf4 Rb3 57. Ke5 Rxa3 58. Kf6 b4 59. Ke5 b3 60.
Kf4 b2 61. Kg3 b1=Q 62. Kh4 Qe1# {White checkmated} 0-1

[Event "Team 45 45 League T40"]
[Site "Internet Chess Club"]
[Date "2009.03.01"]
[Round "5"]
[White "CoasterBrake"]
[Black "mmb"]
[Result "1-0"]
[WhiteElo "1256"]
[BlackElo "1315"]
[Opening "King's Indian: fianchetto, Yugoslav, 7.O-O"]
[ECO "E65"]
[Time "10:01:16"]
[TimeControl "2700+45"]

1. c4 c5 2. Nc3 d6 3. Nf3 Nf6 4. g3 g6 5. Bg2 Bg7 6. O-O O-O 7. d4 Qb6 8. d5 Qb4
9. Qd3 Bf5 10. Qe3 Re8 11. Nd2 Nbd7 12. a3 Qa5 13. Nde4 e6 14. Nxd6 Re7 15. Nxf5
gxf5 16. d6 Ree8 17. Bxb7 Rab8 18. Bg2 Rb6 19. Rd1 Qa6 20. Nb5 Qa4 21. b3 Qa5
22. Bd2 Qa6 23. Nc7 {Black resigns} 1-0

[Event "Team 45 45 League T40"]
[Site "Internet Chess Club"]
[Date "2009.03.01"]
[Round "5"]
[White "rayspokemon"]
[Black "otib2006"]
[Result "1-0"]
[WhiteElo "1306"]
[BlackElo "1458"]
[Opening "Sicilian"]
[ECO "B50"]
[Time "09:00:22"]
[TimeControl "2700+45"]

1. e4 c5 2. Nf3 d6 3. Bc4 Nf6 4. d3 g6 5. Nc3 Bg7 6. O-O O-O 7. Be3 Bg4 8. h3
Bd7 9. Qd2 a6 10. Bg5 b5 11. Bb3 Nc6 12. g4 Qc8 13. Qf4 Bxg4 14. hxg4 Nxg4 15.
Bh4 e5 16. Qg3 Na5 17. Bd5 Rb8 18. Nh2 Nxh2 19. Qxh2 b4 20. Ne2 Qg4+ 21. Ng3 g5
22. Bxg5 Qxg5 23. Qh5 Qxh5 24. Nxh5 Nb7 25. Kh1 Nd8 26. Rg1 Ne6 27. Bxe6 fxe6
28. Rxg7+ Kh8 29. Rg2 d5 30. Ng7 Rf6 31. exd5 exd5 32. Nh5 Rh6 33. Rh2 Rf8 34.
Rf1 Rf5 35. Ng3 Rxh2+ 36. Kxh2 Rxf2+ 37. Rxf2 c4 38. dxc4 dxc4 39. Re2 a5 40.
Rxe5 a4 41. Rb5 b3 42. cxb3 axb3 43. axb3 cxb3 44. Rxb3 Kg7 45. Rf3 Kg6 46. b4
{Black resigns} 1-0

[Event "Team 45 45 League T40"]
[Site "Internet Chess Club"]
[Date "2009.03.01"]
[Round "5"]
[White "Jasher"]
[Black "chesskix"]
[Result "1-0"]
[WhiteElo "1480"]
[BlackElo "1520"]
[Opening "Caro-Kann: advance variation"]
[ECO "B12"]
[Time "13:00:05"]
[TimeControl "2700+45"]

1. e4 c6 2. d4 d5 3. e5 Bf5 4. Bd3 e6 5. Bxf5 exf5 6. Nf3 Be7 7. Bf4 Nd7 8. c3
Nb6 9. b3 h6 10. O-O Qd7 11. Re1 Qe6 12. a4 a5 13. Qd3 Bd8 14. Na3 Ne7 15. c4
O-O 16. c5 Nd7 17. Nc2 Ng6 18. g3 Nxf4 19. gxf4 Re8 20. Ne3 g6 21. Kh1 Kh8 22.
Ng2 Nf8 23. h4 Nh7 24. h5 Rg8 25. Ngh4 Bxh4 26. Nxh4 Qe7 27. Qh3 Qe6 28. Rg1 Nf8
29. Rg3 Rg7 30. Rag1 Kh7 31. Nxf5 Nd7 32. hxg6+ Rxg6 33. Rxg6 {Black resigns}
1-0

[Event "Team 45 45 League T40"]
[Site "Internet Chess Club"]
[Date "2009.03.02"]
[Round "5"]
[White "Skylab"]
[Black "john-beebs"]
[Result "0-1"]
[WhiteElo "1290"]
[BlackElo "1439"]
[Opening "Ruy Lopez: closed, 9.d4"]
[ECO "C91"]
[Time "15:58:33"]
[TimeControl "2700+45"]

1. e4 e5 2. Nf3 Nc6 3. Bb5 a6 4. Ba4 Nf6 5. O-O b5 6. Bb3 Be7 7. Re1 O-O 8. c3
d6 9. d4 exd4 10. cxd4 Bg4 11. h3 Bxf3 12. Qxf3 Nxd4 13. Qd1 Nxb3 14. Qxb3 c5
15. Qd1 Re8 16. Nd2 Qc7 17. Nf3 h6 18. Bf4 Qc6 19. e5 Ne4 20. Qe2 d5 21. Rac1 c4
22. b3 Bc5 23. bxc4 Bxf2+ 24. Kh1 Bxe1 25. cxd5 Qxd5 26. Rxe1 Nc3 27. Qe3 Nxa2
28. Bxh6 Qe6 29. Bf4 Nb4 30. Ng5 Qg6 31. Qb3 Nd3 32. Bd2 {White resigns} 0-1

[Event "Team 45 45 League T40"]
[Site "Internet Chess Club"]
[Date "2009.02.27"]
[Round "5"]
[White "jschneigi"]
[Black "Skyler"]
[Result "0-1"]
[WhiteElo "1232"]
[BlackElo "1415"]
[Opening "Réti: King's Indian attack (Barcza system)"]
[ECO "A07"]
[Time "22:00:00"]
[TimeControl "2700+45"]

1. Nf3 d5 2. g3 Bf5 3. Bg2 e6 4. O-O h6 5. d3 Nf6 6. Nbd2 Be7 7. b3 O-O 8. Bb2
c5 9. Ne5 Nc6 10. e4 Bh7 11. Ng4 b5 12. Nxf6+ Bxf6 13. Bxf6 Qxf6 14. Qf3 Qc3 15.
exd5 Nd4 16. Ne4 Nxf3+ 17. Bxf3 Qxc2 18. Rac1 Qxd3 19. Nxc5 Qxf3 {White resigns}
0-1

[Event "Team 45 45 League T40"]
[Site "Internet Chess Club"]
[Date "2009.03.04"]
[Round "5"]
[White "arconia"]
[Black "MateIn42"]
[Result "1-0"]
[WhiteElo "1383"]
[BlackElo "1417"]
[Opening "Inverted Hungarian"]
[ECO "C44"]
[Time "20:00:06"]
[TimeControl "2700+45"]

1. e4 e5 2. Nf3 Nc6 3. Be2 Nf6 4. d3 d5 5. Nc3 d4 6. Nb1 Be7 7. O-O O-O 8. Nbd2
Bd7 9. h3 b5 10. Nh2 b4 11. f4 a5 12. f5 a4 13. a3 bxa3 14. bxa3 Rb8 15. Ng4 Bc5
16. Nxf6+ Qxf6 17. Nf3 h6 18. Nh2 Na7 19. Ng4 Qd6 20. f6 Bxg4 21. Bxg4 g5 22. h4
Kh7 23. hxg5 Rg8 24. Bf5+ Kh8 25. Qh5 Qf8 26. Rf3 Rg6 27. Rh3 Rb6 28. Bxg6 fxg6
29. Qxg6 Rxf6 30. gxf6 {Black resigns} 1-0

[Event "Team 45 45 League T40"]
[Site "Internet Chess Club"]
[Date "2009.03.01"]
[Round "5"]
[White "mumu"]
[Black "fuzzface"]
[Result "1-0"]
[WhiteElo "1303"]
[BlackElo "1312"]
[Opening "Owen defense"]
[ECO "B00"]
[Time "15:00:56"]
[TimeControl "2700+45"]

1. e4 b6 2. d4 Bb7 3. Nc3 d6 4. Nf3 Nf6 5. Bd3 Nbd7 6. Be3 a6 7. O-O h6 8. a4 c5
9. d5 Ng4 10. Bf4 Nge5 11. Nxe5 dxe5 12. Be3 Rc8 13. f4 c4 14. Be2 Qc7 15. f5
Nf6 16. Qd2 Rd8 17. Rab1 Nxe4 18. Nxe4 Rxd5 19. Qe1 Ra5 20. Nc3 Qc6 21. Bf3 e4
22. Bxe4 Qc7 23. Bxb7 Qxb7 24. Qf2 b5 25. Bb6 Rxa4 26. Nxa4 bxa4 27. Be3 e6 28.
fxe6 fxe6 29. Rbd1 Qxb2 30. Qf7# {Black checkmated} 1-0

[Event "Team 45 45 League T40"]
[Site "Internet Chess Club"]
[Date "2009.02.26"]
[Round "5"]
[White "Newcastler"]
[Black "taichichen"]
[Result "0-1"]
[WhiteElo "1219"]
[BlackElo "1186"]
[Opening "QGD: Marshall defense"]
[ECO "D06"]
[Time "20:14:16"]
[TimeControl "2700+45"]

1. d4 d5 2. c4 Nf6 3. cxd5 Qxd5 4. Nc3 Qd8 5. e3 Bf5 6. Nf3 e6 7. Bd3 Nd5 8. e4
Nxc3 9. bxc3 Bg6 10. O-O Nc6 11. Nh4 Qxh4 12. Re1 O-O-O 13. Rb1 Bd6 14. e5 Nxe5
15. dxe5 Bc5 16. g3 Qe7 17. Qb3 b6 18. Bxg6 fxg6 19. h4 Rd5 20. a4 Qf7 21. Rb2
Rf8 22. Be3 Rxe5 23. c4 Rd8 24. a5 Bd4 25. Rbe2 Qf3 26. axb6 cxb6 27. Qa3 Rf8
28. Qd3 Bxe3 29. Rxe3 Qxf2+ 30. Kh1 Rf3 31. Qf1 Qxf1+ 32. Rxf1 Rxf1+ 33. Kg2
Rxe3 34. Kxf1 Kd7 35. Kf2 Ra3 36. Kg2 e5 37. Kh3 h5 38. Kh2 e4 39. Kg2 e3 40.
Kf1 Ra2 41. Ke1 Ke6 42. Kd1 Ke5 43. Kc1 Kd4 44. Kb1 Rh2 {White resigns} 0-1

[Event "Team 45 45 League T40"]
[Site "Internet Chess Club"]
[Date "2009.03.01"]
[Round "5"]
[White "baseball613"]
[Black "ffplayer"]
[Result "0-1"]
[WhiteElo "1126"]
[BlackElo "1075"]
[Opening "Queen's bishop game"]
[ECO "D02"]
[Time "18:27:26"]
[TimeControl "2700+45"]

1. d4 d5 2. Nf3 Nf6 3. Bf4 Bg4 4. e3 h6 5. Bd3 e6 6. c3 c5 7. Nbd2 Nc6 8. h3 Bh5
9. g4 Bg6 10. Bxg6 fxg6 11. Ne5 g5 12. Bg3 cxd4 13. exd4 Bd6 14. Ndf3 O-O 15.
Qd3 Ne4 16. Bh2 Nxe5 17. Bxe5 Bxe5 18. dxe5 Qb6 19. Qe2 Rf7 20. h4 Raf8 21. Rh3
gxh4 22. Rd1 Ng5 23. Rxh4 Nxf3+ 24. Kf1 Nxh4 25. Rd2 Rxf2+ 26. Qxf2 Rxf2+ 27.
Rxf2 Qe3 28. Kg1 Qxe5 29. Kh1 Qe1+ {White resigns} 0-1

[Event "Team 45 45 League T40"]
[Site "Internet Chess Club"]
[Date "2009.02.28"]
[Round "5"]
[White "mrmarck"]
[Black "kjs110"]
[Result "1-0"]
[WhiteElo "1189"]
[BlackElo "1128"]
[Opening "King's Indian: East Indian defense"]
[ECO "A48"]
[Time "13:46:07"]
[TimeControl "2700+45"]

1. d4 Nf6 2. Nf3 g6 3. e3 Bg7 4. Bd3 d5 5. O-O Ne4 6. c4 c6 7. Nbd2 f5 8. cxd5
cxd5 9. Re1 O-O 10. b3 Nc6 11. Bb2 Nb4 12. Be2 Qc7 13. Rc1 Qb6 14. a3 Nc6 15.
Nxe4 dxe4 16. Bc4+ e6 17. Ng5 Nd8 18. Bc3 h6 19. Nh3 Re8 20. Nf4 Kh7 21. b4 e5
22. dxe5 Bxe5 23. Bxe5 Rxe5 24. Qb3 Be6 25. Red1 Bxc4 26. Qxc4 Qa6 27. Qc7+ Nf7
28. Qxf7+ Kh8 29. Nxg6+ Qxg6 30. Qxg6 Rg8 31. Qxh6# {Black checkmated} 1-0

[Event "Team 45 45 League T40"]
[Site "Internet Chess Club"]
[Date "2009.03.02"]
[Round "5"]
[White "The-Capitalist"]
[Black "Traho"]
[Result "0-1"]
[WhiteElo "1133"]
[BlackElo "1232"]
[Opening "Caro-Kann: classical variation"]
[ECO "B18"]
[Time "20:57:26"]
[TimeControl "2700+45"]

1. e4 c6 2. d4 d5 3. Nc3 dxe4 4. Nxe4 Bf5 5. Ng3 Bg6 6. Nf3 h6 7. Ne5 Bh7 8. Qf3
f6 9. Bc4 Qxd4 10. Bd5 Qxd5 11. Qxd5 cxd5 12. Nf3 e5 13. O-O Bxc2 14. Nh5 Ne7
15. Re1 Nbc6 16. Re2 Bg6 17. Ng3 Nf5 18. Nxf5 Bxf5 19. b3 Be7 20. Nh4 Bh7 21.
Bb2 O-O 22. Rd1 d4 23. g4 Nb4 24. a3 Nd3 25. Nf5 Bxf5 26. gxf5 Nxb2 27. Rxb2
Bxa3 28. Rc2 Rfc8 29. Rxc8+ Rxc8 30. Ra1 Bc5 31. Ra5 Bb6 32. Rb5 Rc5 33. Rb4 Rc3
34. Kf1 Rc7 35. Ke2 Rc3 36. Kd2 e4 37. Rb5 Rc5 38. Rxc5 Bxc5 39. Kc2 Bb4 40. h3
d3+ 41. Kd1 a5 42. h4 b5 43. h5 a4 44. bxa4 bxa4 45. Kc1 a3 46. Kb1 d2 47. Kc2
a2 48. Kb2 d1=Q 49. Kxa2 Qc2+ {White resigns} 0-1

[Event "Team 45 45 League T40"]
[Site "Internet Chess Club"]
[Date "2009.02.28"]
[Round "5"]
[White "WannaB"]
[Black "lawth3"]
[Result "0-1"]
[WhiteElo "1076"]
[BlackElo "1095"]
[Opening "Caro-Kann: exchange, Rubinstein variation"]
[ECO "B13"]
[Time "10:00:20"]
[TimeControl "2700+45"]

1. e4 c6 2. d4 d5 3. exd5 cxd5 4. Bd3 Nc6 5. c3 Nf6 6. Bf4 e6 7. Nf3 Bd6 8. Bxd6
Qxd6 9. O-O O-O 10. Nbd2 Re8 11. Nb3 b6 12. Re1 Bd7 13. Ne5 a6 14. Nxc6 Bxc6 15.
Nd2 a5 16. a4 Re7 17. Nf3 Ng4 18. Ne5 Nxe5 19. dxe5 Qc7 20. Qc2 g6 21. Qe2 Rd7
22. Qg4 Rad8 23. Bb5 d4 24. cxd4 Rxd4 25. Qg3 Bxb5 26. axb5 R8d5 27. Rac1 Qxc1
28. Rxc1 Rd1+ 29. Rxd1 Rxd1# {White checkmated} 0-1

[Event "Team 45 45 League T40"]
[Site "Internet Chess Club"]
[Date "2009.03.02"]
[Round "5"]
[White "KingOfHearts"]
[Black "RancidTurnip"]
[Result "1-0"]
[WhiteElo "1254"]
[BlackElo "1024"]
[Opening "Sicilian: Sozin attack"]
[ECO "B86"]
[Time "21:00:06"]
[TimeControl "2700+45"]

1. e4 c5 2. Nf3 d6 3. Bc4 e6 4. Nc3 Nf6 5. d4 cxd4 6. Nxd4 a6 7. Bg5 Be7 8. O-O
Nc6 9. Nf3 b5 10. Bd3 d5 11. e5 Nd7 12. Bxe7 Qxe7 13. Re1 O-O 14. a3 Bb7 15. b4
f6 16. exf6 Qxf6 17. Qd2 Nce5 18. Ng5 Nxd3 19. Qxd3 Qxf2+ 20. Kh1 g6 21. Nxe6
Rae8 22. Rf1 Ne5 23. Rxf2 Nxd3 24. Rxf8+ Rxf8 25. Nxf8 d4 26. Nd1 Nf4 27. Nd7
Nxg2 28. Kg1 h5 29. Nc5 Bc8 30. Kxg2 Bf5 31. Nxa6 Bxc2 32. Nc7 Ba4 33. Rc1 Kf7
34. Nf2 Kf6 35. Rc5 g5 36. Nxb5 g4 37. Nxd4 {Black resigns} 1-0

[Event "Team 45 45 League T40"]
[Site "Internet Chess Club"]
[Date "2009.03.01"]
[Round "5"]
[White "quotha"]
[Black "Monsieur"]
[Result "1-0"]
[WhiteElo "1697"]
[BlackElo "1635"]
[Opening "Dutch"]
[ECO "A80"]
[Time "17:00:11"]
[TimeControl "2700+45"]

1. d4 f5 2. Nf3 e6 3. Bg5 Be7 4. Bxe7 Qxe7 5. e3 Nf6 6. Bd3 d6 7. c4 O-O 8. Qc2
Nc6 9. a3 d5 10. Nc3 Ne4 11. cxd5 Nxc3 12. dxc6 Nd5 13. Ne5 Nf6 14. Rc1 Qd6 15.
O-O g6 16. cxb7 Bxb7 17. Qxc7 Qd5 18. f3 Rac8 19. Qe7 Rce8 20. Qb4 a5 21. Qd2
Ra8 22. Rc5 Qd8 23. Bc4 Nd5 24. Rc1 Qg5 25. f4 Qd8 26. Nf3 Re8 27. Ba2 Nf6 28.
Bb1 Bxf3 29. gxf3 Nd7 30. Rc6 Nb8 31. Rc8 Qe7 32. Ba2 Kf8 33. Qc3 Nd7 34. Rxa8
Rxa8 35. Qc6 Re8 36. Qb5 Rb8 37. Qe2 Kf7 38. Rc6 Nf8 39. Qc2 Rb7 40. d5 exd5 41.
Bxd5+ Kg7 42. Qc3+ Kh6 43. e4 Rd7 44. b4 axb4 45. Qxb4 Qg7 46. Qc3 Qxc3 47. Rxc3
Ra7 48. e5 Nd7 49. Bc6 Nb8 50. Bb5 Na6 51. a4 Nc7 52. Bc6 Ne6 53. Rc4 g5 54.
fxg5+ Kxg5 55. h4+ Kh6 56. Kg2 f4 57. Bd5 Rg7+ 58. Kf2 Nc7 59. Be4 Rf7 60. e6
Nxe6 61. Rc6 Re7 62. Bd5 Kh5 63. Bxe6 Kxh4 64. Bg4 Ra7 65. Rc4 Kg5 66. Rc5+ Kg6
67. a5 h6 68. Ke2 Re7+ 69. Kd2 Re3 70. a6 Ra3 71. Rc6+ Kg5 72. Rc5+ Kg6 73. Bh5+
Kf6 74. Bg4 Rxa6 75. Rf5+ Kg6 76. Rxf4 Ra2+ 77. Ke3 Ra1 78. Rf5 Ra3+ 79. Kf2 Ra1
80. Rh5 Ra2+ 81. Kg3 Ra1 82. Rd5 Rc1 83. Bh5+ Kf6 84. Kg4 Rc4+ 85. f4 Rc1 86.
Rd6+ Kg7 87. Rg6+ Kh7 88. Re6 Rc7 89. Bg6+ Kg7 90. Be4 Rc4 91. Rg6+ Kh7 92. Bf5
h5+ 93. Kg5 Kh8 94. Rg8+ {Black resigns} 1-0

[Event "Team 45 45 League T40"]
[Site "Internet Chess Club"]
[Date "2009.03.01"]
[Round "5"]
[White "crankn8tr"]
[Black "jacknor"]
[Result "1-0"]
[WhiteElo "1552"]
[BlackElo "1588"]
[Opening "Sicilian: accelerated fianchetto, modern variation with Bc4"]
[ECO "B35"]
[Time "10:04:02"]
[TimeControl "2700+45"]

1. e4 c5 2. Nf3 Nc6 3. d4 cxd4 4. Nxd4 g6 5. Nc3 Bg7 6. Be3 Nf6 7. Bc4 O-O 8.
Bb3 Na5 9. e5 Nxb3 10. Nxb3 Ne8 11. f4 Nc7 12. Qd2 e6 13. O-O-O b6 14. g4 f5 15.
g5 Bb7 16. Rhg1 Bc6 17. h4 Rf7 18. h5 Bf8 19. hxg6 hxg6 20. Rg3 Rh7 21. Nd4 Bb7
22. Ncb5 Ne8 23. Qf2 a6 24. Nc3 Qe7 25. Nb3 Rc8 26. Bxb6 Rc6 27. Na5 Ba8 28.
Nxc6 Bxc6 29. Qd4 Qf7 30. Bc5 Nc7 31. Bxf8 Kxf8 32. Qd6+ {Black resigns} 1-0